 Dungeon Crawl Stone Soup version 0.18-a0-1789-gbeff17f (webtiles) character file.

103 Ijustatesigmund the Chucker (level 4, -1/44 HPs)
             Began as a Troll Hunter on Apr 21, 2016.
             Succumbed to a gnoll's poison
             ... on level 3 of the Dungeon.
             The game lasted 00:04:24 (1647 turns).

Ijustatesigmund the Chucker (Troll Hunter)          Turns: 1647, Time: 00:04:25

Health: -1/44      AC:  6    Str: 20    XL:     4   Next: 51%
Magic:  3/3        EV: 10    Int:  7    God:
Gold:   43         SH:  0    Dex: 11    Spells: 0 memorised, 3 levels left

rFire  . . .     SeeInvis .       - Unarmed
rCold  . . .     Gourm    +     b - +0 robe
rNeg   . . .     Faith    .     (no shield)
rPois  .         Spirit   .     (helmet restricted)
rElec  .         Dismiss  .     a - +0 cloak
rCorr  .         Reflect  .     (gloves unavailable)
SustAt .         Harm     .     (boots unavailable)
MR     .....                    (no amulet)
Stlth  +.........               (no ring)
                                (no ring)

@: lethally poisoned (-1 -> -29), very slightly contaminated, not resistant to
hostile enchantments, very unstealthy
A: unfitting armour, claws 3, fast metabolism 3, gourmand, regeneration 2,
shaggy fur 1, tough skin 2
a: no special abilities


You were on level 3 of the Dungeon.
You were completely stuffed.

You visited 1 branch of the dungeon, and saw 3 of its levels.

You collected 43 gold pieces.

Inventory:

Missiles
 c - 3 large rocks (quivered)
 d - 2 throwing nets
Armour
 a - a +0 cloak (worn)
 b - a +0 robe (worn)
Jewellery
 i - an uncursed ring of fire
Scrolls
 e - 2 scrolls of blinking
Potions
 h - a potion of curing
 k - a potion of lignification
Comestibles
 f - 4 bread rations


   Skills:
 + Level 2.5 Fighting
 - Level 3.6 Throwing
 - Level 1.5 Dodging
 - Level 0.4 Stealth
 * Level 3.4 Unarmed Combat


You had 3 spell levels left.
You didn't know any spells.

Dungeon Overview and Level Annotations

Branches:
Dungeon (3/15)

Altars:
Nemelex Xobeh


Innate Abilities, Weirdness & Mutations

You are too large for most types of armour.
You have claws for hands.
Your metabolism is lightning-fast.
You like to eat raw meat.
You heal very quickly.
You are covered in fur (AC +1).
You have very tough skin (AC +2).


Message History

* * * LOW HITPOINT WARNING * * *
You are more poisoned.
Read which item? (? for menu, Esc to quit)
Blink to where?
Press: ? - help, Dir - move target cursor, p - gnoll You can't see that place. [the floor.] Sorry, you can't target what you can't see.
Okay, then.
* * * LOW HITPOINT WARNING * * *
You feel very sick. The gnoll barely misses you. The gnoll closely misses you.
The gnoll hits you with a spear of venom.
* * * LOW HITPOINT WARNING * * *
Read which item? (? for menu, Esc to quit)
Blink to where?
Press: ? - help, Dir - move target cursor You are very lightly contaminated with residual magic.
As you read the scroll of blinking, it crumbles to dust.
You die...

............#...............#....
...............................##
..........#.#...........)...##.#
..........#.#######...########.#
#...........# #...# #<#
#..†......### #...# #.#
#####.##..# #...# #.# ,,,,#.....#
####...#### #.#* ***,#####.#
#@.......g#####.., *,****#.#
***#.###.#.§g....#***
*,,,,,..#**,........#.g###(# *
******##.,,,.......###.#**,* *
*.**.##....#* *#.,*,* *
*,*#.*#>....***,#.*,* *
*,*#,*##.#...*,**.#,****
*,**,**#.#..#.,,,,.,,,,,
*,**,,,,,,,,,,***,#.****


There were no monsters in sight!

Vanquished Creatures
  Jessica (D:3)
  2 adders
  An ooze (D:3)
  A worm (D:2)
  2 dart slugs
  3 giant geckos
  An orc (D:3)
  A giant cockroach (D:1)
  8 goblins
  8 hobgoblins
  4 bats
  A giant newt (D:3)
  6 kobolds
  5 rats
44 creatures vanquished.

Notes
Turn   | Place    | Note
--------------------------------------------------------------
     0 | D:1      | Ijustatesigmund the Troll Hunter began the quest for the Orb.
     0 | D:1      | Reached XP level 1. HP: 19/19 MP: 0/0
   112 | D:1      | Reached skill level 1 in Unarmed Combat
   233 | D:1      | Reached XP level 2. HP: 12/28 MP: 1/1
  1065 | D:2      | Reached XP level 3. HP: 28/35 MP: 2/2
  1224 | D:2      | Found a sparkling altar of Nemelex Xobeh.
  1492 | D:3      | Reached XP level 4. HP: 37/42 MP: 3/3
  1530 | D:3      | Noticed Jessica
  1532 | D:3      | Killed Jessica
  1646 | D:3      | HP: 2/44 [poisoned by a gnoll]
  1647 | D:3      | Succumbed to a gnoll's poison

Vault maps used:
D:1:      ncdulo_lavacross
D:2:      nemelex_xobeh_ov_fountains_minmay
D:3:      gammafunk_temple_overflow_elements, uniq_jessica, uniq_sigmund

Skill      XL: |  1  2  3 |
---------------+----------+-----
Unarmed Combat | 1 2 3 |  3.4
Fighting       | 2 |  2.5
Throwing       | |  3.6
Dodging        | |  1.5
Stealth        | |  0.4

Action                   |  1- 3 |  4- 6 || total
-------------------------+-------+-------++-------
Melee: Unarmed           |   123 |    11 ||   134
Throw: Large rock        |       |     2 ||     2
  Use: Scroll            |     6 |     2 ||     8
 Stab: Sleeping          |     1 |     2 ||     3
  Eat: Chunk             |    19 |     2 ||    21
Armor: Robe              |    38 |     5 ||    43
Dodge: Dodged            |    58 |     9 ||    67
